AoeStats
← kimboy9420

Arabia

509839193Analyzed
3v3 RM · 3d ago on Sep 28, 2026· 56m 8s· 6 players
Game mode
Random Map
Map size
Normal (6 player)
Population
200
Speed
Normal
Resources
Standard
Victory
Conquest
Starting age
Dark Age
Ending age
Imperial Age
RankedLock teamsTeams togetherTeam positionsShared explorationLock speedFull tech treeHidden civsTurbo modeCheats
Victory
Defeat
🇹🇷 Franks · Türkiye
932
+17
🇦🇺 Romans · Australia
904
+18
🇦🇷 Italians · Argentina
858
+20
🇹🇼 Mongols · Taiwan
1040
-22
🇹🇼 Chinese · Taiwan
1000
-64
🇹🇼 Franks · Taiwan
822
-14
SnEaKy Tig3r
0:31 Loom
13:24 Feudal Age
20:06 Castle Age
18:12 Man-at-Arms
20:14 Long Swordsman
22:10 Forging
32:07 Double-Bit Axe
32:19 Horse Collar
32:43 Gold Mining
32:44 Stone Mining
33:39 Wheelbarrow
33:37 Bow Saw
33:58 Heavy Plow
34:49 Gold Shaft Mining
34:54 Iron Casting
34:24 Scale Mail Armor
38:35 Imperial Age
36:42 Chain Mail Armor
39:52 Legionary
41:39 Blast Furnace
晚霞与她
9:39 Feudal Age
7:55 Loom
10:35 Arson
12:00 Man-at-Arms
15:53 Horse Collar
16:43 Double-Bit Axe
22:31 Castle Age
20:37 Stone Mining
21:14 Town Watch
23:01 Crossbowman
24:45 Gold Mining
25:37 Bow Saw
26:30 Stone Shaft Mining
26:25 Fletching
27:28 Padded Archer Armor
26:51 Elite Skirmisher
30:00 Bodkin Arrow
32:18 Thumb Ring
34:08 Heavy Plow
35:16 Wheelbarrow
39:24 Imperial Age
36:58 Town Patrol
40:05 Murder Holes
40:31 Ballistics
41:12 Chemistry
41:29 Hand Cart
42:06 Conscription
44:46 Bracer
45:01 Leather Archer Armor
46:26 Treadmill Crane
49:32 Two-Man Saw
49:20 Ring Archer Armor
50:15 Elite Genoese Crossbowman
56:24 Masonry
Hidalgo
10:51 Feudal Age
16:30 Castle Age
15:42 Stone Mining
15:48 Double-Bit Axe
24:56 Gold Mining
25:19 Forging
30:35 Imperial Age
30:01 Gold Shaft Mining
30:13 Bow Saw
30:39 Fletching
30:59 Pikeman
31:39 Squires
32:57 Cavalier
36:10 Iron Casting
35:41 Scale Barding Armor
37:58 Chain Barding Armor
37:40 Husbandry
38:28 Paladin
43:46 Blast Furnace
45:25 Conscription
47:01 Plate Barding Armor
53:50 Bodkin Arrow
153159
1:51 Loom
12:33 Feudal Age
16:54 Double-Bit Axe
21:31 Castle Age
21:14 Gold Mining
23:07 Wheelbarrow
23:45 Scale Barding Armor
23:51 Forging
24:22 Husbandry
24:34 Crossbowman
25:54 Light Cavalry
28:35 Pikeman
34:47 Iron Casting
34:12 Scale Mail Armor
34:32 Chain Barding Armor
46:00 Hand Cart
55:55 Coinage
BlueWolf
6:50 Loom
9:35 Feudal Age
10:46 Double-Bit Axe
11:02 Horse Collar
16:39 Forging
21:57 Castle Age
20:31 Fletching
22:48 Bodkin Arrow
23:08 Bow Saw
23:01 Heavy Plow
25:35 Bloodlines
29:59 Husbandry
29:19 Light Cavalry
31:36 Scale Barding Armor
39:36 Imperial Age
37:52 Ballistics
38:03 Town Watch
39:52 Wheelbarrow
39:58 Thumb Ring
43:29 Chemistry
43:59 Hussar
45:17 Murder Holes
48:05 Siege Engineers
49:05 Parthian Tactics
55:00 Bracer
kimboy9420
12:56 Feudal Age
14:28 Double-Bit Axe
14:42 Horse Collar
24:12 Castle Age
22:51 Loom
25:08 Forging
24:49 Fletching
25:39 Thumb Ring
25:15 Pikeman
26:15 Bodkin Arrow
29:05 Squires
30:08 Padded Archer Armor
30:15 Scale Barding Armor
31:15 Heavy Plow
33:26 Leather Archer Armor
33:58 Light Cavalry
34:44 Elite Skirmisher
35:51 Bow Saw
36:19 Husbandry
36:34 Bloodlines
37:42 Scale Mail Armor
38:40 Gold Mining
45:00 Wheelbarrow
46:10 Ballistics
52:02 Imperial Age
51:09 Chain Mail Armor
Connection lost

Rejoining the realm…

Still unreachable

The connection could not be restored.

Session expired

The server has moved on; the page needs a fresh start.